 Dungeon Crawl Stone Soup version 5.6-27-g44b401c (webtiles) character file.

483 Misericorde the Black Belt (level 17, -4/93 HPs) *CASUAL*
             Began as a Vine Stalker Transmuter on July 19, 2018.
             Was the Champion of Wu Jian.
             Killed by divine providence
             ... invoked by an orc priest
              (9 damage)
             ... on level 2 of the Orcish Mines.
             The game lasted 00:27:08 (11549 turns).

Misericorde the Black Belt (VSTm)                  Turns: 11549, Time: 00:27:09

Health: -4/93      AC:  6 (19%)Str: 16  XL:     17   Next: 19%
Magic:  0/19       EV: 21    Int: 14    God:    Wu Jian [6*[180]]
Gold:   172        SH:  0    Dex: 18    Spells: 18/27 levels left

rFire    . . .     SeeInvis .     - Unarmed
rCold    . . .     Faith    .   (shield currently unavailable)
rNeg     . . .     Spirit   +   w - +2 troll leather armour of Iteej {rPois Regen+}
rPois    +         Reflect  .   j - +0 helmet
rElec    .                      (no cloak)
rCorr    +                      (gloves currently unavailable)
MR       ++...                  m - +2 pair of boots
Stlth    ++........             (no amulet)
Regen    1.5/turn               u - +3 ring of protection
MPRegen  0.3/turn               f - ring of resist corrosion

@: blade hands
A: fangs 3, regeneration 2, magic shield, antimagic bite, no device heal 3, rot
immunity
a: End Transformation, Wall Jump, Serpent's Lash, Heavenly Storm, Renounce
Religion


You were on level 2 of the Orcish Mines.
You worshipped Wu Jian.
Wu Jian was exalted by your worship.
You were not hungry.
You had blades for hands.
You visited 3 branches of the dungeon, and saw 18 of its levels.
You visited the bazaar 2 times.

You collected 1343 gold pieces.
You spent 1171 gold pieces at shops.

Inventory:

Armour
 j - a +0 helmet (worn)
 m - a +2 pair of boots (worn)
 w - the +2 troll leather armour of Iteej (worn) {rPois Regen+}
   (You bought it in a shop in a bazaar)

   It protects you from poison.
   It increases your rate of regeneration.
Jewellery
 f - a ring of resist corrosion (right scythe-like blade)
 o - an uncursed ring of ice
 s - an uncursed ring of poison resistance
 u - a +3 ring of protection (left scythe-like blade)
 v - a +5 ring of strength
 y - an uncursed ring of positive energy
Wands
 r - a wand of digging (11)
 t - a wand of flame (9)
Scrolls
 a - 3 scrolls of enchant weapon
 d - 5 scrolls of teleportation
 e - 2 scrolls of fear
 i - a scroll of amnesia
 k - a scroll of enchant armour
 n - 2 scrolls of fog
 q - 2 scrolls of magic mapping
Potions
 b - 6 potions of augmentation
 c - 2 potions of magic
 g - 2 potions of cancellation
 h - 3 potions of ambrosia
 l - 11 potions of mutation
 p - 3 potions of haste
 x - a potion of resistance
 z - a potion of flight


   Skills:
 + Level 12.3 Fighting
 + Level 9.8 Armour
 + Level 11.6 Dodging
 - Level 1.0 Stealth
 * Level 18.5 Unarmed Combat
 - Level 9.0 Transmutations


You had 18 spell levels left.
You knew the following spells:

 Your Spells              Type           Power        Failure   Level  Hunger
a - Beastly Appendage     Tmut           25 (50)      1%          1    N/A
b - Spider Form           Tmut           25 (200)     2%          3    N/A
c - Blade Hands           Tmut           25 (200)     22%         5    N/A

Your spell library contained the following spells:

 Spells                   Type           Power        Failure   Level  Hunger
 Fire Storm               Fire           0 (200)      100%        9    N/A
 Summon Horrible Things   Summ           0 (200)      100%        8    N/A
 Ozocubu's Refrigeration  Ice            0 (200)      100%        7    N/A
 Sublimation of Blood     Necr           0 (200)      45%         2    N/A
 Summon Greater Demon     Summ           0 (200)      100%        7    N/A
 Ice Form                 Ice/Tmut       12 (100)     45%         4    N/A
 Passwall                 Tmut/Erth      12 (200)     8%          2    N/A
 Ignite Poison            Fire/Tmut      12 (100)     16%         3    N/A
 Alistair's Intoxication  Tmut           25 (100)     22%         5    N/A
 Chain Lightning          Air            0 (200)      100%        8    N/A
 Monstrous Menagerie      Summ           0 (200)      100%        7    N/A
 Petrify                  Tmut/Erth      12 (100)     45%         4    N/A
 Orb of Destruction       Erth           0 (200)      100%        7    N/A
 Malign Gateway           Summ/Tloc      0 (200)      100%        7    N/A
 Irradiate                Tmut           25 (200)     22%         5    N/A

Dungeon Overview and Level Annotations

Branches:
Dungeon (15/15)            Shoals (0/3) Orc:2           Orc (2/2) D:15
 Vaults (0/3) D:15         Depths (0/3) D:15         Bazaar (1/1)
  Snake: Orc:2       Spider: Orc:2        Slime: Orc:2

Altars:
Cheibriados
Dithmenos
Elyvilon
Gozag
Jiyva
Kikubaaqudgha
Lugonu
Makhleb
Nemelex Xobeh
Okawaru
Qazlal
Ru
Sif Muna
Trog
Uskayaw
Vehumet
Wu Jian
Xom
Yredelemnul
Zin
The Shining One

Shops:
Bazaar =[[[[


Innate Abilities, Weirdness & Mutations

You have razor-sharp teeth.
You heal very quickly.
When hurt, damage is shared between your health and your magic reserves.
Your bite disrupts and absorbs the magic of your enemies.
Potions cannot restore your health.
You are immune to rotting.


Message History

You slice the orc warrior (27)!!
The orc warrior is almost dead.
You slash the orc warrior (8)!
You kill the orc warrior!
The Council accepts your kill.
You spin and attack the orc repeatedly.
You slice the orc (21)!!
You kill the orc!
The Council accepts your kill.
The orc warrior moves out of view.
The orc knight moves out of view.
You see here a +0 trident.
Unknown command.
You spin and attack the orc repeatedly.
The orc warrior shouts!
You slash the orc (9)!
You kill the orc!
The Council accepts your kill.
The orc high priest utters an invocation to Beogh.
The orc priest invokes the aid of Beogh against you.
Beogh smites you (12)!
You die...

###### ###.....### . .
###.........####. ..
##.............##. ..
###...............#.
#.#.#.#.#.#.#.#.#.#.#.#.
.o..ooo.)...............
o.oo#.#o).....))........
o.o.ooo@.).).....)......
#3#o#.#.#.#.#.#)#.#.#.#.
.. ###...............##
.. ##.............### .
###.........#####
###.....### #. #######
## # #


You could see 3 orc knights, an orc high priest, a sixfirhy, 4 orc warriors, an
orc priest and 3 orcs.

Vanquished Creatures
  A fire giant (D:15)
  Nessos (D:14)
  3 ogre magi
  Harold (D:10)
  Fannar (D:10)
  A rakshasa (D:14)
  4 vault guards (D:15)
  2 hydras (D:14)
  A death knight (D:15)
  A centaur warrior (D:13)
  11 two-headed ogres
  6 death yaks (D:15)
  5 tengu warriors
  An orc high priest (Orc:2)
  An unseen horror (D:10)
  4 harpies (D:15)
  17 ugly things
  4 orc knights
  An oklob plant (D:11)
  3 cyclopes
  4 manticores
  3 orc sorcerers
  2 deep elf magi
  Joseph (D:7)
  2 centaur zombies
  3 spiny frogs
  2 torpor snails
  6 centaur skeletons
  2 gargoyles
  2 freezing wraiths (D:15)
  4 rime drakes
  An efreet (D:15)
  A yaktaur (D:15)
  9 trolls
  3 meliai (D:13)
  A harpy skeleton (D:15)
  Grinder (D:6)
  14 blink frogs
  2 meliai zombies
  A black mamba zombie (D:11)
  6 wyverns
  8 yaks
  2 vampires (D:14)
  3 wraiths
  2 angry ghosts (D:9)
  2 wargs
  2 water moccasins
  Duvessa (D:7)
  2 acid dragons
  A spiny frog zombie (D:11)
  6 ice beasts
  36 orc warriors
  A spiny frog skeleton (D:9)
  A blink frog zombie (D:13)
  A swamp drake (D:15)
  A black bear (D:10)
  2 wasps
  11 ogres
  13 centaurs
  A blink frog skeleton (D:13)
  3 big kobolds (D:3)
  A water moccasin zombie (D:6)
  A bullfrog (D:9)
  3 wyvern zombies
  A wyvern skeleton (D:14)
  Dowan (D:7)
  A scorpion (D:5)
  5 killer bees (D:7)
  3 crimson imps
  An electric eel (D:14)
  A howler monkey (D:6)
  4 wights
  6 jellies
  21 orc priests
  3 hounds
  19 orc wizards
  4 worker ants
  5 iguanas
  A hound zombie (D:7)
  2 hound skeletons
  2 gnolls (D:3)
  8 adders
  A shadow imp (D:7)
  2 dart slugs
  81 orcs
  4 quokkas
  A ball python (D:3)
  13 bats
  6 giant cockroaches
  8 goblins
  10 hobgoblins
  11 jackals
  51 kobolds
  11 frilled lizards
  6 rats
  A spectral orc (D:7)
  A fire vortex (D:14)
  A plant (D:11)
539 creatures vanquished.

Vanquished Creatures (others)
  2 orcs (D:9)
  A fungus (D:14)
3 creatures vanquished.

Grand Total: 542 creatures vanquished

Notes
Turn   | Place    | Note
-------+----------+-------------------------------------------
     0 | D:1      | Misericorde the Vine Stalker Transmuter began the quest for the Orb.
     0 | D:1      | Reached XP level 1. HP: 9/9 MP: 3/3
    17 | D:1      | Reached XP level 2. HP: 13/14 MP: 3/3
   230 | D:1      | Reached XP level 3. HP: 17/17 MP: 5/5
   232 | D:1      | Learned a level 3 spell: Spider Form
   592 | D:2      | Reached skill level 4 in Unarmed Combat
   592 | D:2      | Gained mutation: Your natural rate of healing is unusually fast. [Vine Stalker growth]
   592 | D:2      | Reached XP level 4. HP: 21/21 MP: 2/2
   625 | D:2      | Reached skill level 1 in Fighting
   638 | D:2      | Reached skill level 1 in Armour
   692 | D:2      | Reached XP level 5. HP: 25/25 MP: 4/4
   714 | D:2      | Found a burning altar of Makhleb.
   716 | D:2      | Learned a level 5 spell: Blade Hands
   814 | D:2      | Found a deep blue altar of Sif Muna.
   864 | D:2      | Found a shadowy altar of Dithmenos.
  1051 | D:2      | Found a faded altar of an unknown god.
  1275 | D:3      | Found a viscous altar of Jiyva.
  1277 | D:3      | Reached skill level 5 in Unarmed Combat
  1320 | D:3      | Reached skill level 1 in Stealth
  1320 | D:3      | Reached XP level 6. HP: 24/30 MP: 3/5
  1443 | D:3      | Found a stormy altar of Qazlal.
  1728 | D:3      | Reached XP level 7. HP: 19/34 MP: 4/7
  1885 | D:3      | Reached skill level 6 in Unarmed Combat
  2103 | D:3      | Gained mutation: You have razor-sharp teeth. [Vine Stalker growth]
  2103 | D:3      | Reached XP level 8. HP: 39/39 MP: 9/9
  2145 | D:3      | Found a sacrificial altar of Ru.
  2518 | D:4      | Found a snail-covered altar of Cheibriados.
  2544 | D:4      | Found a corrupted altar of Lugonu.
  2652 | D:4      | Found an iron altar of Okawaru.
  2781 | D:4      | Found an ornate altar of the Wu Jian Council.
  2784 | D:4      | Became a worshipper of the Wu Jian Council
  2893 | D:4      | Reached skill level 7 in Unarmed Combat
  3034 | D:5      | Entered Level 5 of the Dungeon
  3038 | D:5      | Found a shimmering altar of Xom.
  3116 | D:5      | Reached skill level 5 in Transmutations
  3159 | D:5      | Found a radiant altar of Vehumet.
  3379 | D:5      | Found an opulent altar of Gozag.
  3420 | D:5      | Reached skill level 8 in Unarmed Combat
  3420 | D:5      | Reached XP level 9. HP: 45/45 MP: 10/12
  3637 | D:6      | Noticed a dagger
  3637 | D:6      | Noticed a hand axe
  3648 | D:6      | Found a hide-covered altar of Uskayaw.
  3689 | D:6      | Found an ancient bone altar of Kikubaaqudgha.
  3735 | D:6      | Found a white marble altar of Elyvilon.
  3912 | D:6      | Noticed Grinder
  3926 | D:6      | Killed Grinder
  3926 | D:6      | Reached skill level 5 in Fighting
  3926 | D:6      | Reached skill level 9 in Unarmed Combat
  4043 | D:6      | Found a sparkling altar of Nemelex Xobeh.
  4053 | D:6      | Reached * piety under Wu Jian
  4179 | D:7      | Noticed Joseph
  4194 | D:7      | Killed Joseph
  4194 | D:7      | Reached skill level 5 in Dodging
  4194 | D:7      | Reached XP level 10. HP: 37/51 MP: 9/14
  4270 | D:7      | Found a basalt altar of Yredelemnul.
  4437 | D:7      | Found a glowing silver altar of Zin.
  4527 | D:7      | Reached skill level 10 in Unarmed Combat
  4563 | D:7      | Found a glowing golden altar of the Shining One.
  4979 | D:7      | Found a bloodstained altar of Trog.
  4981 | D:7      | Noticed Dowan
  5012 | D:7      | Killed Dowan
  5046 | D:7      | Noticed Duvessa
  5060 | D:7      | Killed Duvessa
  5414 | D:8      | Noticed a two-headed ogre
  5420 | D:8      | Killed a two-headed ogre
  5420 | D:8      | Reached skill level 11 in Unarmed Combat
  5420 | D:8      | Reached XP level 11. HP: 53/58 MP: 4/6
  5794 | D:8      | Reached ** piety under Wu Jian
  5886 | D:8      | Got the +1 leather armour of Bitterness {Dex+2}
  6132 | D:9      | Noticed an orc sorcerer
  6135 | D:9      | Killed an orc sorcerer
  6135 | D:9      | Reached skill level 12 in Unarmed Combat
  6321 | D:9      | Gained mutation: You heal very quickly. [Vine Stalker growth]
  6321 | D:9      | Reached XP level 12. HP: 63/63 MP: 12/12
  6512 | D:10     | Entered Level 10 of the Dungeon
  6554 | D:10     | Noticed a two-headed ogre
  6561 | D:10     | Killed a two-headed ogre
  6587 | D:10     | Reached *** piety under Wu Jian
  6618 | D:10     | Reached skill level 13 in Unarmed Combat
  6693 | D:10     | Noticed Fannar
  6700 | D:10     | Killed Fannar
  6818 | D:10     | Noticed Harold
  6823 | D:10     | Killed Harold
  7129 | D:11     | Reached XP level 13. HP: 56/69 MP: 9/13
  7207 | D:11     | Reached skill level 5 in Armour
  7219 | D:11     | Found a gateway to a bazaar.
  7243 | D:11     | Reached skill level 14 in Unarmed Combat
  7281 | D:11     | Reached **** piety under Wu Jian
  7671 | D:11     | Found a sparkling altar of Nemelex Xobeh.
  7791 | Bazaar   | Entered a bazaar
  7791 | Bazaar   | Found Loseq's Jewellery Shoppe.
  7804 | Bazaar   | Found Leown's Antique Armour Shoppe.
  7817 | Bazaar   | Found Fosatuh's Antique Armour Shoppe.
  7818 | Bazaar   | Found Weupsas's Armour Boutique.
  7821 | Bazaar   | Bought the +2 troll leather armour of Iteej {rPois Regen+} for 579 gold pieces
  8027 | D:12     | Reached XP level 14. HP: 76/76 MP: 15/15
  8033 | D:12     | Reached skill level 15 in Unarmed Combat
  8231 | D:12     | Found a basalt altar of Yredelemnul.
  8257 | D:12     | Reached skill level 10 in Fighting
  9154 | D:14     | Reached ***** piety under Wu Jian
  9159 | D:14     | HP: 2/77 [cyan ugly thing (10)]
  9226 | D:14     | Reached skill level 16 in Unarmed Combat
  9269 | D:14     | Reached skill level 10 in Dodging
  9295 | D:14     | Reached XP level 15. HP: 81/81 MP: 16/16
  9547 | D:14     | Noticed Nessos
  9558 | D:14     | Killed Nessos
  9915 | D:15     | Entered Level 15 of the Dungeon
  9929 | D:15     | Reached skill level 17 in Unarmed Combat
  9954 | D:15     | Reached XP level 16. HP: 82/88 MP: 18/18
 10018 | D:15     | Found a gate to the Vaults.
 10390 | D:15     | Reached skill level 18 in Unarmed Combat
 10399 | D:15     | Found a staircase to the Orcish Mines.
 10502 | D:15     | Found an iron altar of Okawaru.
 10553 | D:15     | Found a staircase to the Depths.
 10757 | Orc:1    | Entered Level 1 of the Orcish Mines
 10809 | Orc:1    | Reached ****** piety under Wu Jian
 10846 | Orc:1    | Found a gateway to a bazaar.
 11007 | Orc:1    | Paralysed by an orc sorcerer for 4 turns
 11215 | Bazaar   | Bought a +2 plate armour of poison resistance for 592 gold pieces
 11352 | Orc:2    | Entered Level 2 of the Orcish Mines
 11352 | Orc:2    | Found a staircase to the Shoals.
 11364 | Orc:2    | Reached XP level 17. HP: 45/93 MP: 19/19
 11547 | Orc:2    | HP: 3/93 [orc priest/divine providence (4)]
 11549 | Orc:2    | Killed from afar by an orc priest

Skill      XL: |  1  2  3  4  5  6  7  8  9 10 11 12 13 14 15 16 |
---------------+-------------------------------------------------+-----
Unarmed Combat | 4 5 6 8 9 11 12 13 14 16 17 18 | 18.5
Fighting       | 1 2 4 5 6 7 8 9 10 11 12 | 12.3
Dodging        | 2 3 4 5 6 7 8 9 10 11 | 11.6
Armour         | 1 2 4 6 7 8 9 |  9.8
Stealth        | 1 |  1.0
Transmutations | 4 5 6 7 8 9 |  9.0

Action                   |  1- 3 |  4- 6 |  7- 9 | 10-12 | 13-15 | 16-18 || total
-------------------------+-------+-------+-------+-------+-------+-------++-------
Melee: Unarmed           |    58 |   114 |   189 |   192 |   256 |   206 ||  1015
       Kick              |     4 |       |       |       |       |       ||     4
       Bite              |     7 |       |       |    36 |    61 |    39 ||   143
       Punch             |       |       |       |     5 |    20 |    12 ||    37
 Cast: Beastly Appendage |     1 |       |       |       |       |       ||     1
       Spider Form       |     1 |       |       |     1 |       |       ||     2
       Blade Hands       |       |       |       |     3 |       |     1 ||     4
Invok: Lunge             |       |       |    14 |    31 |    49 |    32 ||   126
       Whirlwind         |       |       |     3 |    32 |    65 |    50 ||   150
       Wall Jump         |       |       |       |     5 |    10 |    26 ||    41
 Abil: End Transformatio |       |       |       |     1 |       |       ||     1
  Use: Scroll            |       |       |       |     1 |     2 |       ||     3
 Stab: Sleeping          |       |     3 |     5 |     3 |     1 |     1 ||    13
Armor: Robe              |     9 |       |       |     5 |       |       ||    14
       Skin              |     3 |     5 |     4 |       |       |       ||    12
       Leather armour    |       |       |       |     3 |     5 |       ||     8
       Troll leather arm |       |       |       |       |    14 |    11 ||    25
Dodge: Dodged            |    50 |    94 |   142 |    82 |   124 |   116 ||   608
